 Dungeon Crawl Stone Soup version 0.18-a0-801-gb01a236 (webtiles) character file.

431 JokEr the Skirmisher (level 6, -2/45 HPs)
             Began as an Octopode Fighter on Dec 14, 2015.
             Slain by Duvessa
             ... wielding a +0 rapier
              (19 damage)
             ... on level 4 of the Dungeon.
             The game lasted 00:13:28 (3247 turns).

JokEr the Skirmisher (Octopode Fighter)             Turns: 3247, Time: 00:13:29

Health: -2/45      AC:  1    Str: 17    XL:     6   Next: 99%
Magic:  6/6        EV:  8    Int: 10    God:
Gold:   315        SH: 13    Dex: 12    Spells: 0 memorised, 5 levels left

rFire  . . .     SeeInvis .     a - +2 war axe
rCold  . . .     Clarity  .     h - +0 large shield
rNeg   + . .     SustAt   +     (helmet restricted)
rPois  .         Gourm    .     o - amulet of regeneration
rElec  .         Spirit   .     j - ring of positive energy
rCorr  .         Dismiss  .     i - ring of sustain attributes
rMut   .         Stasis   .     (no ring)
MR     .....                    (no ring)
Stlth  ++++......               (no ring)
                                (no ring)
                                (no ring)
                                (no ring)

@: not resistant to hostile enchantments, stealthy
A: almost no armour, amphibious, 8 rings, constrict 8, camouflage 1, gelatinous
body 1
a: no special abilities


You were on level 4 of the Dungeon.
You were not hungry.

You visited 1 branch of the dungeon, and saw 4 of its levels.
You also visited: Sewer.

You collected 315 gold pieces.

Inventory:

Hand Weapons
 a - a +2 war axe (weapon)
Armour
 h - a +0 large shield (worn)
Jewellery
 i - a ring of sustain attributes (right tentacle)
 j - a ring of positive energy (left tentacle)
 o - an amulet of regeneration (around mantle)
Scrolls
 c - 3 scrolls of teleportation
 e - a scroll of amnesia
 k - a scroll of immolation
 r - 2 scrolls of remove curse
Potions
 b - a potion of invisibility
 g - 2 potions of brilliance
 m - a potion of lignification
 p - a potion of cure mutation {unknown}
 q - a potion of degeneration {unknown}
 v - a potion of berserk rage {unknown}
 w - a potion of flight {unknown}
Comestibles
 d - 3 bread rations
 f - 2 slices of pizza
 n - 2 fruits
 s - a beef jerky
 t - a royal jelly


   Skills:
 + Level 5.1 Fighting
 + Level 4.4 Axes
 + Level 3.3 Dodging
 - Level 4.8 Stealth
 - Level 3.0 Shields


You had 5 spell levels left.
You didn't know any spells.

Dungeon Overview and Level Annotations

Branches:
Dungeon (4/15)
 Temple: D:4-7

Altars:
Dithmenos
Gozag
Kikubaaqudgha
Okawaru
Ru
Zin

Annotations:
D:4 Duvessa, Eustachio


Innate Abilities, Weirdness & Mutations

You cannot wear most types of armour.
You are amphibious.
You can wear up to eight rings at the same time.
You can use your tentacles to constrict eight enemies at once.
Your skin changes colour to match your surroundings (Stealth).
Your rubbery body absorbs attacks (AC +1).


Message History

* * * LOW HITPOINT WARNING * * *
Drink which item? (? for menu, Esc to quit)
You feel much better.
You constrict Duvessa. Duvessa barely misses you.
You slash Duvessa!
Duvessa is heavily wounded.
You constrict Duvessa. You block Duvessa's attack.
Duvessa hits you with a rapier!
You hit Duvessa. You squeeze Duvessa.
Duvessa is severely wounded.
You hit the adder.
The adder is heavily wounded.
You constrict Duvessa. Duvessa closely misses you. The adder barely misses you.
You block Duvessa's attack.
You slash Duvessa!
Duvessa is almost dead.
Your shield prevents you from hitting the adder.
The adder is heavily wounded.
You constrict Duvessa. You block the adder's attack.
Duvessa hits you with a rapier!!
You die...

..# .......## ..#
........###.. ..#
#...........# ..###
#.......# ..### ....#
###.....###.... ..###
#........#...#
..########........#..#
.<...............S...#..#.
######..........@e........
#.....[##..##.........#...
..#######.#)..##..##.## .#
#....####.## .# ##
##..####...# #
.######........###
.........†.# ##
...........# #......†...#


You could see Duvessa (berserk) and an adder.

Vanquished Creatures
  Purgy (Sewer)
  Dowan (D:4)
  2 orc wizards (D:3)
  An orc priest (D:3)
  2 worker ants (D:4)
  A river rat (D:3)
  4 adders
  A shadow imp (D:3)
  2 oozes
  An adder skeleton (D:3)
  3 worms
  3 giant geckos
  9 orcs
  2 ball pythons
  7 giant cockroaches
  11 goblins
  9 hobgoblins
  2 jackals (D:2)
  8 kobolds
  A quokka (D:2)
  11 bats
  3 giant newts
  A quokka skeleton (D:3)
  6 rats
92 creatures vanquished.

Notes
Turn   | Place    | Note
--------------------------------------------------------------
     0 | D:1      | JokEr the Octopode Fighter began the quest for the Orb.
     0 | D:1      | Reached XP level 1. HP: 16/16 MP: 1/1
    59 | D:1      | Reached skill level 1 in Stealth
    59 | D:1      | Reached XP level 2. HP: 15/21 MP: 2/2
  1039 | D:2      | Reached XP level 3. HP: 26/26 MP: 3/3
  1114 | D:2      | Found a glowing silver altar of Zin.
  1457 | D:2      | Reached XP level 4. HP: 25/33 MP: 4/4
  1629 | D:3      | Reached skill level 4 in Fighting
  1631 | D:3      | Reached XP level 5. HP: 34/37 MP: 5/5
  1796 | D:3      | Found an opulent altar of Gozag.
  2039 | D:3      | Found a shadowy altar of Dithmenos.
  2044 | D:3      | Found an ancient bone altar of Kikubaaqudgha.
  2045 | D:3      | Found a sacrificial altar of Ru.
  2046 | D:3      | Found an iron altar of Okawaru.
  2091 | D:3      | Reached XP level 6. HP: 30/44 MP: 6/6
  2159 | D:3      | Found a glowing drain.
  2164 | Sewer    | Entered a sewer
  2283 | Sewer    | Noticed Purgy
  2645 | Sewer    | Killed Purgy
  3028 | D:4      | Noticed Eustachio
  3143 | D:4      | Reached skill level 5 in Fighting
  3188 | D:4      | Noticed Dowan
  3207 | D:4      | Noticed Duvessa
  3223 | D:4      | Killed Dowan
  3247 | D:4      | Slain by Duvessa

Vault maps used:
D:1:      dpeg_arrival_stone_temple_mockup
D:2:      lemuel_doored_altar
D:3:      nicolae_overflow_hidden_temple, minitemple, gup_sewer_entry_spiral,
          first_bread
D:4:      uniq_duvessa, uniq_eustachio
Sewer:    sewer_big_baddie

Action                   |  1- 3 |  4- 6 || total
-------------------------+-------+-------++-------
Melee: War axe           |    65 |   118 ||   183
  Use: Scroll            |     7 |     8 ||    15
       Potion            |       |     2 ||     2
 Stab: Sleeping          |     5 |    12 ||    17
  Eat: Chunk             |     2 |     2 ||     4
       Bread ration      |       |     1 ||     1
